[Event "*** Titled Tuesday Blitz"]
[Site "Chess.com"]
[Date "2019.06.04"]
[Round "1"]
[White "KRASAVCHIK2002"]
[Black "Meharchinnareddy"]
[Result "0-1"]
[WhiteElo "2283"]
[BlackElo "2638"]
[TimeControl "180+2"]
[EndTime "13:08:36 PDT"]
[Termination "Meharchinnareddy won by resignation"]

1. e4 c5 2. Nf3 d6 3. d4 cxd4 4. Nxd4 Nf6 5. Nc3 Nc6 6. Nf3 g6 7. Be2 Bg7 8. O-O O-O 9. h3 Bd7 10. Be3 Rc8 11. Qd2 a6 12. Bh6 b5 13. Rad1 b4 14.
Nd5 Nxe4 15. Qf4 Bxh6 16. Qxh6 e6 17. Bd3 Nf6 18. Nxf6+ Qxf6 19. Ng5 Qg7 20. Qxg7+ Kxg7 21. Bxa6 Rc7 22. Rxd6 Ra8 23. Bb5 Rxa2 24. Rfd1 Be8 25.
Bc4 Rxb2 26. Bxe6 h6 27. Bxf7 Bxf7 28. Nxf7 Kxf7 29. R1d2 Ne7 30. Rb6 Rbxc2 31. Rxc2 Rxc2 32. Rxb4 Nf5 33. Rf4 Ke6 34. g3 Ke5 35. h4 Rd2 36. Kg2 Rd4 37. Rf3 Rd2 38. Rf4 Ne3+ 39. Kf3 Nd5 40. Re4+ Kf6 41. Ra4 Rd3+ 42. Ke4 Nc3+ 43.
Kxd3 Nxa4 44. Ke4 Nc5+ 45. Kd5 Nd3 46. f4 h5 47. Ke4 Ne1 48. Ke3 Kf5 49. Kf2 Nc2 50.
Kf3 Nb4 51. Ke3 Kg4 0-1

[Event "*** Titled Tuesday Blitz"]
[Site "Chess.com"]
[Date "2019.06.04"]
[Round "1"]
[White "GHANDEEVAM2003"]
[Black "IakovUlivar"]
[Result "1-0"]
[WhiteElo "2942"]
[BlackElo "2490"]
[TimeControl "180+2"]
[EndTime "13:08:43 PDT"]
[Termination "GHANDEEVAM2003 won by resignation"]

1. Nf3 Nf6 2. c4 e6 3. g3 d5 4. d4 Bb4+ 5. Bd2 Bd6 6. Nc3 O-O 7.
Qc2 Nbd7 8. e4 dxe4 9. Nxe4 Nxe4 10. Qxe4 e5 11. O-O-O Nf6 12. Qh4 Bg4 13. Be2 exd4 14.
Nxd4 Bxe2 15. Nxe2 Qe7 16. Nc3 Qe5 17. Bg5 Rfe8 18.
Bxf6 Qxf6 19. Qxf6 gxf6 20. Nd5 Re6 21. c5 Be5 22. f4 c6 23. Nb4 Bc7 24. Rd7 Rc8 25.
Rhd1 Re2 26. R1d2 Rxd2 27. Kxd2 Kf8 28. Nc2 Ke8 29. Rd4 Rd8 30. Kd3 b6 31. Kc4 b5+ 32. Kd3 a5 33. b3 Rxd4+ 34. Kxd4 Kd7 35. Ne3 Ke6 36. Ke4 Bd8 37. a3 Be7 38. b4 axb4 39. axb4 Bd8 40. Nf5 Bc7 41. Nd4+ Kd7 42. Kf5 Bd8 43.
Ne2 Be7 44. Nc3 Bd8 45. Ne4 h6 46. Nxf6+ Ke7 47. Ng8+ Kf8 48. Nxh6 Kg7 49. Ng4 Be7 50. Ne5 1-0

[Event "*** Titled Tuesday Blitz"]
[Site "Chess.com"]
[Date "2019.06.04"]
[Round "1"]
[White "Gattass"]
[Black "Mischuk_D"]
[Result "0-1"]
[WhiteElo "2359"]
[BlackElo "2705"]
[TimeControl "180+2"]
[EndTime "13:08:43 PDT"]
[Termination "Mischuk_D won by resignation"]

1. e4 c5 2. Nf3 Nc6 3. d4 cxd4 4. Nxd4 e5 5. Nb5 a6 6. N5c3 Bc5 7. Bc4 Nf6 8. O-O h6 9. Re1 O-O 10. Be3 Bxe3 11. Rxe3 Qb6 12. Bb3 Nd4 13. Nd2 d6 14.
Nc4 Qc7 15. Rd3 Be6 16. Ne3 Rfc8 17. Rc1 b5 18. Ncd5 Bxd5 19. Nxd5 Nxd5 20. Bxd5 Rab8 21.
c3 b4 22. Qh5 Qe7 23. Rf1 bxc3 24. bxc3 Nb5 25. c4 Nd4 26. Rg3 Qf6 27. Kh1 Rb2 28. Qg4 Rcb8 29. Ra3 Rxf2 30. Rg1 Rf1 31. h3 Rxg1+ 32.
Kxg1 h5 33. Qd1 Rb6 34. Qf1 Qxf1+ 35. Kxf1 g6 36. Ra5 Kg7 37. c5 dxc5 38. Rxc5 Kf6 39.
Rc7 Ne6 40. Ra7 h4 41. Kg1 Ng5 42. Kh2 Ne6 43. Kg1 Kg7 44. Kh2 g5 45. Kg1 Kg6 46.
Kf2 f5 47. Bxe6 Rxe6 48. exf5+ Kxf5 49. Ke3 Rc6 50. Rf7+ Kg6 51. Ra7 Kf6 52. Ke4 Rc4+ 53. Kd5 Ra4 54. Ra8 Rxa2 55. Rf8+ Kg7 56. Rf5 Kg6 57.
Rxe5 Ra5+ 0-1

[Event "*** Titled Tuesday Blitz"]
[Site "Chess.com"]
[Date "2019.06.04"]
[Round "1"]
[White "DamianoLew95"]
[Black "BilodeauA"]
[Result "0-1"]
[WhiteElo "2488"]
[BlackElo "2940"]
[TimeControl "180+2"]
[EndTime "13:08:46 PDT"]
[Termination "BilodeauA won by resignation"]

1. d4 d5 2. Bf4 Nf6 3. e3 e6 4. Nd2 c5 5. c3 Nc6 6. Ngf3 Be7 7. Bg3 O-O 8. Bb5 Qb6 9. Bxc6 bxc6 10. O-O Qxb2 11.
Qb3 Qxb3 12. axb3 Nd7 13. Ra2 Bb7 14. Rfa1 a6 15. Ne1 f6 16. Nd3 Rfe8 17. b4 c4 18. Nc5 Nxc5 19. bxc5 e5 20. Rb1 Bc8 21. Rb6 a5 22. Rxc6 Bd8 23. h3 Bb7 24. Rd6 Bc7 25.
Rd7 Rac8 26. Nf3 Bc6 27. Rxc7 Rxc7 28. Rxa5 Ra8 29. Rxa8+ Bxa8 30. Kf1 Rc6 31. dxe5 Rxc5 32. exf6 gxf6 33. Nd4 Ra5 34. Bd6 Bb7 35. Ke2 Kf7 36. Kf3 Ra2 37. g4 Bc8 38. Bb4 Bd7 39. Kg3 Ba4 40. Kf4 Rxf2+ 41. Kg3 Ra2 42. Kf4 Bc2 43. Nb5 Bd3 44. Nc7 Be4 45. Nb5 Rf2+ 46.
Kg3 Rf3+ 47. Kh4 Rxe3 48. Bc5 Rd3 49. Bd4 Bg2 0-1

[Event "*** Titled Tuesday Blitz"]
[Site "Chess.com"]
[Date "2019.06.04"]
[Round "1"]
[White "Sanan_Sjugirov"]
[Black "SanchezKelvin"]
[Result "1/2-1/2"]
[WhiteElo "2854"]
[BlackElo "2458"]
[TimeControl "180+2"]
[EndTime "13:08:46 PDT"]
[Termination "Game drawn by repetition"]

1. e4 c5 2. Nf3 d6 3. d4 cxd4 4. Nxd4 Nf6 5. Nc3 g6 6. Be3 Bg7 7. f3 O-O 8. Qd2 Nc6 9. g4 Be6 10. Nxe6 fxe6 11. Bc4 Qd7 12. Bb3 Rac8 13. O-O-O Ne5 14.
Qe2 a6 15. Na4 Rc6 16. Nb6 Qc7 17. Bxe6+ Kh8 18. Nd5 Nxd5 19. Bxd5 Rb6 20. Bxb6 Qxb6 21. Bb3 a5 22. a4 Nxf3 23. Rhf1 Nd4 24. Rxf8+ Bxf8 25. Qc4 Nxb3+ 26. Qxb3 Qc6 27. Qf7 Bg7 28. Qxe7 h6 29. Qxd6 Qxa4 30. Kb1 Qxe4 31. Qd8+ Kh7 32. Qxa5 Qxg4 33. Qd2 Qa4 34. c3 b5 35. h3 b4 36. cxb4 Qb3 37. Qc2 Qxb4 38. Rg1 Qb6 39. Rd1 Qb5 40. h4 h5 41. Rd2 Qb4 42. Rg2 Qe1+ 43. Qc1 Qxh4 44. Qc2 Qe1+ 45. Ka2 Qa5+ 46.
Kb1 Qe1+ 47. Ka2 Qe6+ 48. Kb1 Qe1+ 1/2-1/2

[Event "*** Titled Tuesday Blitz"]
[Site "Chess.com"]
[Date "2019.06.04"]
[Round "1"]
[White "mouseWLZ"]
[Black "Orest_Vovk"]
[Result "1-0"]
[WhiteElo "2656"]
[BlackElo "2311"]
[TimeControl "180+2"]
[EndTime "13:08:48 PDT"]
[Termination "mouseWLZ won by resignation"]

1. d4 e5 2. dxe5 Nc6 3. Nf3 Qe7 4. Nc3 Nxe5 5. Nxe5 Qxe5 6. Qd5 Qxd5 7. Nxd5 Bd6 8.
Bd2 Ne7 9. Ne3 Bc5 10. O-O-O d6 11. f3 Be6 12. Kb1 O-O-O 13. g4 h5 14. g5 Ng6 15. h4 Rde8 16. Ng2 Bf2 17. e4 d5 18. Bd3 Ne5 19.
Rdf1 Nxd3 20. cxd3 Bd4 21. Nf4 dxe4 22. fxe4 Rd8 23.
Nxe6 fxe6 24. Rf7 Rhf8 25. Rhf1 Rxf7 26. Rxf7 Rd7 27. Rf3 Kd8 28. Kc2 Ke8 29. g6 Bf6 30. Bc3 Ke7 31. e5 Bxh4 32. Bb4+ c5 33. Bxc5+ Kd8 34. Bxa7 Kc7 35. Bc5 Kc6 36. d4 b6 37.
Bd6 Kd5 38. Kd3 Bg5 39. Rf7 Kc6 40. Ke4 Bh6 41. b4 b5 42. a4 Rb7 43. Rxb7 Kxb7 44. axb5 h4 45. d5 exd5+ 46. Kxd5 h3 47. e6 Bg5 48. Ke4 Be7 49. Be5 Bf6 50. Kf3 h2 51.
Kg2 Be7 52. Bxg7 1-0

[Event "*** Titled Tuesday Blitz"]
[Site "Chess.com"]
[Date "2019.06.04"]
[Round "1"]
[White "JozefKneht"]
[Black "Anaiy"]
[Result "1-0"]
[WhiteElo "2512"]
[BlackElo "1991"]
[TimeControl "180+2"]
[EndTime "13:08:50 PDT"]
[Termination "JozefKneht won by resignation"]

1. Nf3 d5 2. c4 e6 3. b3 Nf6 4. g3 Be7 5. Bg2 O-O 6. Bb2 c5 7. O-O Nc6 8. e3 b6 9. Nc3 Bb7 10. cxd5 exd5 11. d4 Rc8 12. Rc1 Qd7 13. Ne5 Qe6 14.
f4 cxd4 15. exd4 Nxd4 16. Kh1 Nf5 17. Re1 Qd6 18. Qd3 Ne4 19. Rc2 Nxc3 20. Bxc3 g6 21. Bb2 Rxc2 22. Qxc2 Rc8 23. Qd2 Bf8 24.
Ng4 Bg7 25. Bxg7 Kxg7 26. Qb2+ f6 27. Bf3 Rc7 28. Qg2 Nd4 29. Bd1 Nb5 30. h4 d4 31.
Bf3 Bxf3 32. Qxf3 h5 33. Nf2 Re7 34. Rxe7+ Qxe7 35. f5 Qe1+ 36. Kg2 Qe7 37. fxg6 Kxg6 38. Nd3 Nc3 39. Nf4+ Kg7 40. Nxh5+ Kh8 41. Nf4 Qa3 42.
Qh5+ Kg7 43. Qg6+ Kf8 44. Qxf6+ Ke8 45. Qxd4 Qxa2+ 46. Kh3 Qxb3 47. h5 a5 48. h6 Nb5 49.
Qe5+ Kf8 50. h7 Qc3 51. h8=Q+ 1-0

[Event "*** Titled Tuesday Blitz"]
[Site "Chess.com"]
[Date "2019.06.04"]
[Round "1"]
[White "FrenchandSlav"]
[Black "Tacticalon"]
[Result "0-1"]
[WhiteElo "2334"]
[BlackElo "2674"]
[TimeControl "180+2"]
[EndTime "13:08:51 PDT"]
[Termination "Tacticalon won by resignation"]

1. d4 d5 2. c4 Bf5 3. cxd5 Bxb1 4. Qa4+ c6 5. dxc6 Nxc6 6. Rxb1 e5 7. a3 exd4 8. Nf3 Qd5 9. e3 dxe3 10. Bxe3 Bc5 11. Bc4 Qf5 12. O-O Bxe3 13. fxe3 Nf6 14. Nd4 Qd7 15.
Rbd1 Nxd4 16. Bxf7+ Ke7 17. Qxd7+ Kxd7 18. exd4 Rhf8 19.
Bb3 Rac8 20. Rfe1 Rcd8 21. Rc1 a6 22. Ba4+ b5 23. Bc2 Rfe8 24. Bf5+ Kd6 25. Kf2 g6 26. Bd3 Kd5 27. Be2 Kxd4 28. Bf3 Rxe1 29. Rxe1 Rc8 30. Re6 Rc2+ 31. Kg3 Nh5+ 32. Bxh5 gxh5 33. Rxa6 Rxb2 34. Rh6 Rb3+ 35. Kh4 Rxa3 36. Rxh5 Ra2 37. Kh3 b4 38. Rxh7 b3 39. Rb7 b2 40. g4 Kc3 41. g5 Kc2 42.
Rc7+ Kd2 43. Rb7 Kc2 44. Kg4 Kc3 45. h4 Ra4+ 46. Kf5 Rb4 47. Rc7+ Kb3 48. g6 b1=Q+ 49.
Kf6 Rb6+ 50. Ke7 Qxg6 0-1

[Event "*** Titled Tuesday Blitz"]
[Site "Chess.com"]
[Date "2019.06.04"]
[Round "1"]
[White "NemtsevIgor"]
[Black "xamax2000"]
[Result "0-1"]
[WhiteElo "2277"]
[BlackElo "2635"]
[TimeControl "180+2"]
[EndTime "13:08:51 PDT"]
[Termination "xamax2000 won by resignation"]

1. c3 Nf6 2. d3 g6 3. Nd2 Bg7 4. h3 O-O 5. g4 d5 6. Bg2 e5 7. Nf1 h6 8. Ng3 Qe7 9. g5 hxg5 10.
Bxg5 c6 11. h4 Qd6 12. h5 Nh7 13. Qd2 Nxg5 14. Qxg5 Qf6 15. Qxf6 Bxf6 16. Nf3 Nd7 17. O-O-O Kg7 18. hxg6 fxg6 19. c4 Nb6 20. b3 Bg4 21. Rde1 a5 22. Nh2 Be6 23. a4 Bg5+ 24. Kc2 Rxf2 25.
Bf3 e4 26. dxe4 dxc4 27. bxc4 Nxc4 28. e5 Nxe5 29. Ne4 Bf5 30. Kb3 Bxe4 31. Bxe4 Rd8 32. Nf3 Nxf3 33. Bxf3 Rd4 34. Rd1 Rb4+ 35. Ka3 Be7 36. Rd7 Kf6 37. Ka2 Rxa4+ 38. Kb3 Rb4+ 39. Kc2 a4 40. Rh7 Bc5 41. Rxb7 Rxb7 42. Rxb7 a3 43.
Kb3 Rf1 44. Bxc6 Rb1+ 45. Ka2 Rxb7 46. Bxb7 Ke5 47. Kb3 Kd4 48. Bf3 g5 49. Bh5 Ke3 50.
Ka2 Kf4 51. Bf3 g4 52. Bc6 g3 53. Kb3 Ke3 54. Bf3 Kf2 55. Bd5 g2 56. Bxg2 Kxg2 57. e4 Kf3 58. e5 Ke4 59. e6 Be7 60. Ka2 Ke5 0-1

[Event "*** Titled Tuesday Blitz"]
[Site "Chess.com"]
[Date "2019.06.04"]
[Round "1"]
[White "Thjop"]
[Black "Khanya_Mazibuko"]
[Result "1-0"]
[WhiteElo "2581"]
[BlackElo "2213"]
[TimeControl "180+2"]
[EndTime "13:08:52 PDT"]
[Termination "Thjop won by checkmate"]

1. e4 e5 2. Nf3 Nc6 3. Bb5 a6 4. Ba4 Nf6 5. O-O Be7 6. d3 b5 7.
Bb3 d6 8. a3 O-O 9. Nc3 Bg4 10.
Be3 Nd4 11. Bxd4 exd4 12. Nd5 c5 13. h3 Be6 14. Nxf6+ Bxf6 15. Bxe6 fxe6 16. a4 e5 17. b3 d5 18. exd5 Qxd5 19. Nd2 Bg5 20. Ne4 Bh6 21. Re1 c4 22. axb5 axb5 23. Rxa8 Rxa8 24. bxc4 bxc4 25. Qf3 Rd8 26. Ra1 cxd3 27. cxd3 Qf7 28. Qg4 Qb3 29.
Qe2 Rb8 30. Ra5 Re8 31. g3 Qb4 32. Ra7 Rf8 33. Kg2 g6 34. Qa2+ Kh8 35. Qd5 Bg7 36.
Qd7 Rg8 37. Ng5 h6 38. Nf7+ Kh7 39. Nxe5 Qd2 40. Qf7 g5 41. Qf5+ Kh8 42. Nf7# 1-0

[Event "*** Titled Tuesday Blitz"]
[Site "Chess.com"]
[Date "2019.06.04"]
[Round "1"]
[White "jmduque"]
[Black "jacky72"]
[Result "1-0"]
[WhiteElo "2385"]
[BlackElo "2706"]
[TimeControl "180+2"]
[EndTime "13:08:54 PDT"]
[Termination "jmduque won by resignation"]

1. e4 e5 2. Nf3 Nc6 3. Bc4 Bc5 4. d3 Nf6 5. O-O d6 6. c3 a6 7. a4 h6 8. b4 Ba7 9. Na3 O-O 10. Nc2 d5 11.
exd5 Nxd5 12. Bd2 Bg4 13. h3 Bh5 14. Re1 Re8 15. a5 Qd6 16. Re4 Rad8 17. Rh4 Nf6 18. g4 Bg6 19. g5 hxg5 20. Nxg5 Bxd3 21. Bxf7+ Kf8 22. Bxe8 Bxc2 23. Qxc2 Qxd2 24. Qxd2 Rxd2 25. Rh8+ Ke7 26. Bxc6 Bxf2+ 27. Kf1 bxc6 28. Nf3 Rc2 29. Nxe5 Bg3 30. Nxc6+ Kf7 31. Nd4 Rxc3 32. b5 Be5 33.
Nc6 Rxc6 34. bxc6 Bxa1 35. Ra8 Ke7 36. Rxa6 Kd6 37. Kg2 Nd5 38. Kf3 Nb4 39. Ra8 Kxc6 40. a6 Nd5 41. Ke4 Nb6 42. Rb8 Bf6 43. a7 Na8 44. Rxa8 Kb7 45. Rc8 Kxa7 46. Rxc7+ Kb6 47. Rf7 Kc6 48. Kf5 Bd4 49. h4 Kd6 50. h5 Ba1 51. Kg6 Ke6 52. Rxg7 Bb2 53. h6 Bc3 54. h7 Bxg7 55.
Kxg7 1-0

[Event "*** Titled Tuesday Blitz"]
[Site "Chess.com"]
[Date "2019.06.04"]
[Round "1"]
[White "Borsuk_Konstantin"]
[Black "Denis_Palkovich"]
[Result "1/2-1/2"]
[WhiteElo "2590"]
[BlackElo "2238"]
[TimeControl "180+2"]
[EndTime "13:08:56 PDT"]
[Termination "Game drawn - insufficient material"]

1. d4 d5 2. c4 Bf5 3. Nc3 e6 4.
Bf4 Bd6 5. Bxd6 Qxd6 6. e3 Nf6 7.
Nf3 O-O 8. c5 Qe7 9. Bd3 c6 10.
O-O Nbd7 11. b4 a6 12. Ne5 Bxd3 13. Nxd3 e5 14. a4 exd4 15. exd4 Ne4 16. Re1 Ndf6 17. f3 Nxc3 18. Rxe7 Nxd1 19. Rxd1 Rab8 20. b5 axb5 21. axb5 Rfe8 22. Rxe8+ Nxe8 23. b6 Ra8 24. Re1 Kf8 25. Ne5 Nf6 26. g4 h6 27. Kf2 Ra4 28. Rd1 Ke7 29.
h4 Nd7 30. Nxd7 Kxd7 31. h5 Ra2+ 32. Ke3 Ke6 33. Kf4 Kf6 34. Rd3 Ra4 35. Kg3 g6 36.
hxg6 fxg6 37. f4 Rb4 38. Kf3 Ra4 39. Ke3 Rb4 40. Kd2 Ra4 41. Kc2 h5 42. gxh5 gxh5 43. Kb3 Rc4 44. Rh3 Rxd4 45. Rxh5 Rc4 46. Rh7 Rxc5 47. Rxb7 Rb5+ 48. Kc3 Kf5 49. Rb8 Ke6 50. b7 Kd7 51. f5 Kc7 52. Rf8 Kxb7 53. Kd4 Rb4+ 54. Ke5 Re4+ 55. Kd6 d4 56. Kc5 d3 57. Rf7+ Ka6 58. f6 d2 59. Rd7 Rf4 60. Rxd2 Rf5+ 61.
Kxc6 Rxf6+ 62. Kc5 Rf5+ 63. Rd5 Rxd5+ 64. Kxd5 1/2-1/2

[Event "*** Titled Tuesday Blitz"]
[Site "Chess.com"]
[Date "2019.06.04"]
[Round "1"]
[White "tbalabayev"]
[Black "GrigorGrigorov"]
[Result "0-1"]
[WhiteElo "2380"]
[BlackElo "2746"]
[TimeControl "180+2"]
[EndTime "13:08:57 PDT"]
[Termination "GrigorGrigorov won by checkmate"]

1. Nf3 Nf6 2. g3 b6 3. Bg2 Bb7 4. O-O e6 5. d3 c5 6. Nbd2 Be7 7. e4 d6 8. a4 Nc6 9. Nc4 d5 10. exd5 Nxd5 11. Nce5 O-O 12. Nxc6 Bxc6 13. Ne5 Be8 14. c4 Nb4 15. a5 f6 16. Bxa8 Qxa8 17. axb6 fxe5 18. Rxa7 Qd8 19. b7 Bd6 20. Qg4 Bb8 21.
Ra8 Qd6 22. Be3 Bg6 23. f4 Nxd3 24. Rd1 Qc6 25. Ra3 exf4 26. gxf4 Qxb7 27. Raxd3 Bxd3 28. Rxd3 Qe4 29. Qd1 Bxf4 30. Bxf4 Qxf4 31. b3 h6 32. Rg3 Rf5 33. Qe2 Re5 34. Qf2 Qc1+ 35. Kg2 Qd1 36. Re3 Qg4+ 37. Kh1 Rf5 38. Qg1 Qh5 39. Rg3 Qf7 40.
Kg2 Qb7+ 41. Kh3 Rh5+ 42. Kg4 Qf7 43. Qb1 Rg5+ 44. Kh3 Qh5+ 45. Kg2 Qe2+ 46. Kh3 Rh5# 0-1

[Event "*** Titled Tuesday Blitz"]
[Site "Chess.com"]
[Date "2019.06.04"]
[Round "1"]
[White "nocnypako"]
[Black "CrgKrishna"]
[Result "1-0"]
[WhiteElo "2570"]
[BlackElo "2192"]
[TimeControl "180+2"]
[EndTime "13:08:58 PDT"]
[Termination "nocnypako won by resignation"]

1. d4 d5 2. c4 c6 3. Nf3 Nf6 4.
Nc3 a6 5. c5 Bf5 6. Bf4 e6 7.
h3 h6 8. e3 Nbd7 9. Be2 Be7 10. O-O O-O 11. b4 Ne4 12. Rc1 Re8 13. Nxe4 Bxe4 14. Nd2 Bg6 15. Bg3 Bh4 16. Bxh4 Qxh4 17. Nf3 Qf6 18. a4 e5 19. b5 Be4 20. bxc6 bxc6 21.
Rc3 Bxf3 22. Bxf3 exd4 23. exd4 Nf8 24. Bg4 Re4 25. Rd3 Rb8 26. Qd2 Ng6 27. g3 Nf8 28.
Bf3 Re7 29. Bg4 Reb7 30. Qa5 Rb1 31. Qxa6 Rxf1+ 32. Kxf1 Rb1+ 33. Kg2 Rb2 34. Rf3 Qxd4 35. Qxc6 Rc2 36. Qc7 f6 37. c6 Qc5 38. a5 d4 39. Qb6 Qd6 40. Qb3+ 1-0

[Event "*** Titled Tuesday Blitz"]
[Site "Chess.com"]
[Date "2019.06.04"]
[Round "1"]
[White "DanielMieles1985"]
[Black "BvsN"]
[Result "1/2-1/2"]
[WhiteElo "2619"]
[BlackElo "2285"]
[TimeControl "180+2"]
[EndTime "13:08:59 PDT"]
[Termination "Game drawn by repetition"]

1. d4 d5 2. c4 c6 3. Nf3 Nf6 4.
Nc3 e6 5. Bg5 Be7 6. e3 O-O 7.
Qc2 Nbd7 8. a3 a6 9. Rd1 b6 10.
Bd3 Bb7 11. O-O dxc4 12. Bxc4 Nd5 13. Bxe7 Qxe7 14. e4 Nxc3 15. Qxc3 b5 16. Ba2 c5 17.
d5 exd5 18. Bxd5 Bxd5 19. Rxd5 c4 20. e5 Nc5 21. Re1 Nd3 22. Re3 Rfd8 23. Rxd8+ Rxd8 24.
h3 Qc5 25. Ne1 Nf4 26. Qc2 Qd5 27. Qe4 Qxe4 28. Rxe4 Rd1 29. Kh2 Nd3 30. Nxd3 Rxd3 31. e6 fxe6 32. Rxe6 Rd2 33. Rxa6 Rxf2 34. a4 Rxb2 35.
axb5 Rxb5 36. Rc6 Rb4 37. Rc7 h6 38. h4 h5 39. Kg3 Kh7 40. Rc5 Kh6 41. Rc6+ g6 42.
Kf3 Rb3+ 43. Kf4 Rb4 44. g3 c3+ 45. Kf3 Rb3 46. Kf4 Rb4+ 47. Kf3 Rb3 48. Kf4 Rb4+ 1/2-1/2

[Event "*** Titled Tuesday Blitz"]
[Site "Chess.com"]
[Date "2019.06.04"]
[Round "1"]
[White "mitrabhaa"]
[Black "slowdumbb"]
[Result "1-0"]
[WhiteElo "2694"]
[BlackElo "2347"]
[TimeControl "180+2"]
[EndTime "13:09:00 PDT"]
[Termination "mitrabhaa won by resignation"]

1. d4 Nf6 2. Nf3 g6 3. g3 Bg7 4. Bg2 O-O 5. O-O d6 6. a4 c5 7. dxc5 dxc5 8. a5 Nc6 9. c3 Bf5 10. Be3 Qd6 11. Qxd6 exd6 12. Rd1 Rad8 13. a6 b6 14. Nh4 Ne7 15. Na3 Bd7 16. Rxd6 Ba4 17. Rxd8 Rxd8 18. Nc4 Bc6 19. Nf3 Nf5 20. Bf4 Bb5 21.
Nfe5 h6 22. Nc6 Re8 23. Nxb6 Bxa6 24. Rxa6 axb6 25. Bf3 g5 26. Be5 g4 27. Bg2 Nd7 28.
Bxg7 Rxe2 29. Be5 Nxe5 30. Nxe5 Rxe5 31. Rxb6 Re1+ 32. Bf1 Ne7 33. Rxh6 Ng6 34. Rh5 Ne5 35. Kg2 Kg7 36. Rf5 Kg6 37. Rf4 f5 38. b4 cxb4 39. cxb4 Rb1 40. b5 Nf3 41. Rxg4+ fxg4 42. Bd3+ Kf6 43.
Bxb1 Ne1+ 44. Kh1 Ke6 45. Be4 Ke5 46. b6 Kd6 47. b7 Kc7 48. Kg1 Kb8 49. Kf1 1-0

[Event "*** Titled Tuesday Blitz"]
[Site "Chess.com"]
[Date "2019.06.04"]
[Round "1"]
[White "TheRigos"]
[Black "vugarrasulov"]
[Result "0-1"]
[WhiteElo "2413"]
[BlackElo "2776"]
[TimeControl "180+2"]
[EndTime "13:09:04 PDT"]
[Termination "vugarrasulov won on time"]

1. e4 e6 2. d4 d5 3. Nd2 c5 4. Ngf3 cxd4 5. Nxd4 Nf6 6. e5 Nfd7 7. N2f3 Nc6 8. Bb5 Qc7 9. O-O a6 10. Bxc6 bxc6 11.
Bf4 c5 12. Ne2 Be7 13. Re1 O-O 14. c3 Bb7 15. Qd2 Rad8 16. h4 d4 17. cxd4 Bxf3 18.
gxf3 Qb7 19. d5 exd5 20. Nc3 Nb6 21. b3 Bxh4 22. Kg2 Qc6 23. Rh1 Qg6+ 24. Kf1 Be7 25. Rg1 Qh5 26. Ke2 d4 27. Ne4 d3+ 28. Kf1 Qh3+ 29.
Ke1 Qxf3 30. Qe3 Qxe3+ 31. Bxe3 Nd5 32. Kd2 Nxe3 33. fxe3 Rd5 34. Rac1 Rxe5 35. Rc4 g6 36. Kxd3 Rd8+ 37. Ke2 f5 38. Nc3 Kg7 39. Rd1 Rxd1 40. Nxd1 h5 41. Nf2 h4 42. Kf3 g5 43. Nd3 Rd5 44.
Ke2 h3 45. Nf2 g4 46. e4 Re5 47. Kf1 Bh4 48. exf5 Bxf2 49. Rxg4+ Kf6 50. Kxf2 Rxf5+ 51. Kg3 Rh5 52. Kh2 Ke5 53. Ra4 Rh6 54. Rc4 Kd5 55. Rc3 Rh4 56. Rc2 a5 57. Rc3 a4 58. bxa4 Rxa4 59. a3 Rh4 60. Rc2 c4 61. a4 Kc5 62.
Kg3 h2 63. Rxh2 Rxh2 64. Kxh2 c3 0-1

[Event "*** Titled Tuesday Blitz"]
[Site "Chess.com"]
[Date "2019.06.04"]
[Round "1"]
[White "nailbeshirli"]
[Black "x-6099009240"]
[Result "0-1"]
[WhiteElo "2652"]
[BlackElo "2349"]
[TimeControl "180+2"]
[EndTime "13:09:04 PDT"]
[Termination "x-6099009240 won by resignation"]

1. e4 c5 2. Nf3 d6 3. Nc3 a6 4. g3 g6 5. Bg2 Bg7 6. O-O Nc6 7. a4 h5 8. h4 Bg4 9. d3 e6 10. Be3 Nd4 11. Bxd4 Bxd4 12. Qd2 Bg7 13. Ng5 f6 14. Nh3 Bxh3 15. Bxh3 f5 16. Rae1 Kf7 17. exf5 gxf5 18.
Re2 Bh6 19. f4 Nf6 20. Rfe1 Re8 21. Kg2 Qd7 22. Kh2 Re7 23. Nd1 Rae8 24. Nf2 Ng4+ 25. Bxg4 hxg4 26. d4 cxd4 27. Qxd4 Bg7 28. Qd2 Bxb2 29.
Nd3 Bf6 30. Qb4 Qc6 31. Qb3 Qf3 32. Rf2 Qd5 33. Qa3 Rh8 34. Rg2 Bxh4 35. gxh4 Rxh4+ 36. Kg1 Qd4+ 37. Nf2 Qxf4 38. Rf1 Qd4 39. c3 Qb6 40. a5 Qe3 41. Qxd6 Kf6 42. Rg3 Qa7 43. Re1 Rh3 44. Rxh3 gxh3 45. Qxe6+ Rxe6 0-1

[Event "*** Titled Tuesday Blitz"]
[Site "Chess.com"]
[Date "2019.06.04"]
[Round "1"]
[White "attack2mateU"]
[Black "Philosopherrr"]
[Result "1-0"]
[WhiteElo "2706"]
[BlackElo "2360"]
[TimeControl "180+2"]
[EndTime "13:09:05 PDT"]
[Termination "attack2mateU won by resignation"]

1. e4 e5 2. Nf3 Nc6 3. Bb5 a6 4. Ba4 Nf6 5. O-O Be7 6. Re1 b5 7. Bb3 d6 8. c3 O-O 9. h3 Bb7 10. d4 Re8 11. a3 Nd7 12. d5 Na5 13. Ba2 c6 14. dxc6 Bxc6 15. Nbd2 Rc8 16. Nf1 h6 17. Ng3 Nf6 18. Nh4 Nc4 19. Nhf5 Bf8 20. Nh5 Nxh5 21.
Qxh5 g6 22. Qg4 Kh7 23. Ne3 Bb7 24. Nxc4 bxc4 25. Qe2 Qc7 26. f3 d5 27. exd5 Bxd5 28.
Bb1 Bg7 29. Be4 Be6 30. Be3 Rb8 31. Rad1 Red8 32. Qf2 f5 33. Rxd8 Qxd8 34. Bb1 h5 35. Qe2 Bf7 36. Rd1 Qe7 37. Ba2 Qc7 38. Bf2 a5 39. h4 Bf6 40. Bg3 f4 41. Bf2 Kg7 42. Bb1 Qe7 43. Re1 Qb7 44. Bc5 Qxb2 45. Qe4 Qxc3 46.
Rd1 Rb2 47. Rd7 Qc1+ 48. Kh2 Qxb1 49. Qd5 Rxg2+ 50. Kxg2 Qc2+ 51. Bf2 Qxf2+ 52. Kxf2 Bxh4+ 53. Kg2 1-0

[Event "*** Titled Tuesday Blitz"]
[Site "Chess.com"]
[Date "2019.06.04"]
[Round "1"]
[White "LawrenceTrent"]
[Black "LonesomeGeorge1"]
[Result "1-0"]
[WhiteElo "2699"]
[BlackElo "2357"]
[TimeControl "180+2"]
[EndTime "13:09:10 PDT"]
[Termination "LawrenceTrent won by resignation"]

1. e4 c6 2. Nc3 d5 3. Nf3 Nf6 4. e5 Ne4 5. Ne2 Qb6 6. d4 e6 7. Ng3 c5 8. Bd3 Nxg3 9. hxg3 Nc6 10. dxc5 Bxc5 11. Qe2 Bd7 12. c3 a5 13. a4 Rc8 14. g4 d4 15. Nd2 Qc7 16. f4 Ne7 17. c4 Bb4 18. Kf2 Bxd2 19. Bxd2 b6 20. b3 Bc6 21.
Rh2 Qb7 22. Rah1 Rd8 23. Kg1 Kd7 24. Rxh7 Rxh7 25. Rxh7 Rg8 26. f5 Kc8 27. Qf2 Be4 28. Qxd4 exf5 29. gxf5 Bxd3 30. Qxd3 Rd8 31. Qc2 Qd7 32.
Bg5 Qd4+ 33. Kh1 Qd1+ 34. Qxd1 Rxd1+ 35. Kh2 Nxf5 36. g4 Nd4 37. Rxg7 Ne6 38. Rg8+ Kc7 39. Be7 Rd2+ 40. Kg1 Rd3 41. Bd6+ Kc6 42. Rc8+ Kd7 43. Rb8 Rxb3 44. Rb7+ Kc6 45. Rxf7 Rg3+ 46. Kf2 Rxg4 47. Rf6 Kd7 48. Rf7+ Kd8 49. Re7 Rg6 50. Ke3 Kc8 51.
Ke4 Rh6 52. Kd5 Nd8 53. Rc7+ Kb8 54. Rh7+ 1-0

[Event "*** Titled Tuesday Blitz"]
[Site "Chess.com"]
[Date "2019.06.04"]
[Round "1"]
[White "Warre"]
[Black "DmitryAnikonov"]
[Result "1/2-1/2"]
[WhiteElo "2359"]
[BlackElo "2680"]
[TimeControl "180+2"]
[EndTime "13:09:12 PDT"]
[Termination "Game drawn by repetition"]

1. d4 e6 2. c4 Nf6 3. Nf3 c5 4. d5 exd5 5. cxd5 d6 6. Nc3 g6 7. Bf4 a6 8. a4 Bg7 9. h3 Qe7 10. Nd2 Nh5 11. Bh2 Nd7 12. e3 O-O 13. Be2 Nhf6 14.
O-O Ne8 15. Re1 f5 16. Bf1 Ne5 17. f4 Nf7 18. e4 fxe4 19. Ndxe4 Qc7 20. Kh1 Bf5 21.
Bd3 Bxe4 22. Bxe4 Nf6 23. Bf3 Rae8 24. Qc2 Qd7 25. a5 Rxe1+ 26. Rxe1 Re8 27. Rxe8+ Qxe8 28. g4 Qe3 29. Qe2 Qc1+ 30. Kg2 Kf8 31. g5 Ng8 32. Bg4 Ne7 33. Ne4 Nxd5 34. Be6 Nxf4+ 35. Bxf4 Qxf4 36.
Bxf7 Qxf7 37. Nxd6 Qd5+ 38. Ne4 Qe5 39. b3 Ke7 40. Qc4 Qb2+ 41. Kg3 Be5+ 42. Kf3 Qd4 43. Qxc5+ Ke6 44. Qc8+ Ke7 45. Qxb7+ Kd8 46. Qa8+ Kc7 47.
Qxa6 Qd1+ 48. Qe2 Qxb3+ 49. Qe3 Qd1+ 50. Qe2 Qh1+ 51. Qg2 Qd1+ 52. Qe2 Qh1+ 53. Qg2 Qb1 54. Qe2 Qh1+ 1/2-1/2

[Event "*** Titled Tuesday Blitz"]
[Site "Chess.com"]
[Date "2019.06.04"]
[Round "1"]
[White "Rakesh"]
[Black "Marcus_Harvey"]
[Result "0-1"]
[WhiteElo "2260"]
[BlackElo "2618"]
[TimeControl "180+2"]
[EndTime "13:09:14 PDT"]
[Termination "Marcus_Harvey won by resignation"]

1. e4 c6 2. c4 d5 3. cxd5 cxd5 4.
exd5 Nf6 5. Qa4+ Nbd7 6. Nc3 g6 7. Bc4 Bg7 8. Nf3 O-O 9. d3 a6 10. Qa3 Rb8 11. Bf4 Ra8 12. O-O Re8 13. Rfe1 Nb6 14. Qb3 Nfd7 15. Be3 Nxc4 16. dxc4 e6 17. Rad1 Qa5 18.
dxe6 Rxe6 19. Rd5 Qc7 20. Red1 Re8 21. h3 Nf6 22. R5d2 b5 23. cxb5 Be6 24. Qb4 axb5 25. Nxb5 Qb7 26. a4 Ne4 27. Rc2 Bf8 28. Qd4 Bg7 29.
Qb4 Bf8 30. Qd4 Bg7 31. Qb6 Qxb6 32. Bxb6 Bb3 33. Rdc1 Bxc2 34. Rxc2 Rxa4 35. Nc7 Ra1+ 36. Kh2 Rb8 37. Be3 Rc8 38. b4 Rb1 39. Rc4 Nd6 40.
Rc6 Nb5 41. Nd5 Rxc6 42. Ne7+ Kf8 43. Nxc6 Ke8 44. Bc5 Kd7 45. Nce5+ Bxe5+ 46. Nxe5+ Ke6 47. Nd3 Nc3 48. Nf4+ Kf5 49. Nd3 Ke4 50. f3+ Kxd3 0-1